 Dungeon Sprint DCSS version 0.17-a0-1570-g74b7129 (webtiles) character file.

48 nuthulu the Basher (level 6, -17/117 HPs)
             Began as an Ogre Berserker on July 23, 2015.
             Was an Elder of Trog.
             Killed by a guardian mummy's death curse (23 damage)
             ... in the Dungeon (Sprint VI: "Thunderdome").
             The game lasted 00:02:12 (361 turns).

nuthulu the Basher (Ogre Berserker)                  Turns: 361, Time: 00:02:12

Health: -17/117    AC:  4    Str: 26    XL:     6   Next: 20%
Magic:  15/15      EV: 14    Int:  6    God:    Trog [****..]
Gold:   34         SH:  0    Dex: 14    Spells: 0 memorised, 5 levels left

rFire  . . .     SeeInvis +     r - +0 giant spiked club
rCold  . . .     Clarity  .     b - +0 animal skin
rNeg   + . .     SustAt   .     (no shield)
rPois  .         Gourm    .     (helmet restricted)
rElec  .         Spirit   .     s - +0 cloak
rCorr  .         Warding  +     (gloves unavailable)
rMut   .         NoTele   +     (boots unavailable)
MR     ++...                    n - amulet of Ufoesh {Ward rN+ MR++ Slay+3}
Stlth  ..........               p - ring "Quleh" {Dex+2 SInv}
                                o - ring "Pixtu" {MP+9 Str-3 Dex+2 Stlth+}

@: berserking, very quick, very resistant to hostile enchantments, extremely
unstealthy
A: unfitting armour, tough skin 1
a: Burn Spellbooks, Berserk, Trog's Hand, Brothers in Arms, Renounce Religion


You were in the Dungeon.
You worshipped Trog.
Trog was greatly pleased with you.
You were not hungry.

You visited 1 branch You collected 280 gold pieces.
You spent 246 gold pieces at shops.

Inventory:

Hand weapons
 a - a +0 mace
 r - a +0 giant spiked club (weapon)
Armour
 b - a +0 animal skin (worn)
 s - a +0 cloak (worn)
Jewellery
 n - the amulet of Ufoesh (around neck) {Ward rN+ MR++ Slay+3}
   (You bought it in a shop in the Dungeon)

   [amulet of warding]

   It may prevent the melee attacks of summoned creatures.
   It affects your accuracy and damage with ranged weapons and melee attacks
   (+3).
   It protects you from negative energy.
   It affects your resistance to hostile enchantments.
 o - the ring "Pixtu" (left hand) {MP+9 Str-3 Dex+2 Stlth+}
   (You bought it in a shop in the Dungeon)

   [ring of magical power]

   It affects your strength (-3).
   It affects your dexterity (+2).
   It affects your magic capacity (+9).
   It makes you more stealthy.
 p - the ring "Quleh" (right hand) {Dex+2 SInv}
   (You bought it in a shop in the Dungeon)

   [ring of see invisible]

   It affects your dexterity (+2).
   It lets you see invisible.
Magical devices
 j - a wand of cold (5)
 k - a wand of fire (5)
Scrolls
 i - 4 scrolls of blinking
 l - 3 scrolls of fog
Potions
 d - a potion of curing
 e - 4 potions of heal wounds
 f - 4 potions of haste
 g - 2 potions of magic
 h - a potion of berserk rage
 m - a potion of resistance
Comestibles
 c - a bread ration


   Skills:
 + Level 9.6 Fighting
 + Level 10.0 Maces & Flails
 + Level 7.5 Dodging
 + Level 0.6 Stealth


You had 5 spell levels left.
You didn't know any spells.

Dungeon Overview and Level Annotations

Branches:
Dungeon (1/1)

Altars:
Cheibriados
Dithmenos
Fedhas
Gozag
Kikubaaqudgha
Makhleb
Okawaru
Qazlal
Ru
Sif Muna
Trog
Vehumet
Xom
Yredelemnul
Zin
The Shining One
Jiyva
Lugonu

Shops:
D *[%??*?*:[((!!!!


Innate Abilities, Weirdness & Mutations

You are too large for most types of armour.
You have tough skin (AC +1).


Message History

The guardian mummy hits you!
You puncture the guardian mummy!
The guardian mummy is moderately damaged.
The guardian mummy barely misses you.
Drink which item? (? for menu, Esc to quit)
Okay, then.
Use which ability? (? or * to list)
A red film seems to cover your vision as you go berserk!
You feel yourself moving faster!
You feel mighty!
You feel somewhat more hungry. The guardian mummy hits you!!
* * * LOW HITPOINT WARNING * * *
You closely miss the guardian mummy.
The guardian mummy is moderately damaged.
The guardian mummy hits you!!
* * * LOW HITPOINT WARNING * * *
You flatten the guardian mummy like a pancake!!!
You destroy the guardian mummy!
You feel extremely nervous for a moment...
You convulse helplessly as pain tears through your body!
You die...

###.........#
#⌠......)....
######.8.........8
##∩.__......###....
###∩........8.# #.8..
##.....†.......###....
#⌠.......†..###...###.
#⌠..........# #.<.# #.
#⌠...@......###...###.
##.............###....
###∩........8.# #.8..
##∩___......###....
######.8.........8
#⌠..........[
###.........#
#_........#
#........_#


There were no monsters in sight!

Vanquished Creatures
  Sigmund (D)
  Jessica (D)
  An iguana (D)
  3 mummies (D)
  A gnoll (D)
  2 worms (D)
  3 giant cockroaches (D)
  A giant gecko skeleton (D)
13 creatures vanquished.

Notes
Turn   | Place    | Note
--------------------------------------------------------------
     0 | D        | nuthulu the Ogre Berserker began the quest for the Orb.
     0 | D        | Reached XP level 1. HP: 24/24 MP: 1/1
     1 | D        | Found a viscous altar of Jiyva.
     1 | D        | Found an ancient bone altar of Kikubaaqudgha.
     2 | D        | Found a basalt altar of Yredelemnul.
     2 | D        | Found a sacrificial altar of Ru.
     3 | D        | Found a burning altar of Makhleb.
     4 | D        | Found Ebiur's Bee Food.
     4 | D        | Found a radiant altar of Vehumet.
     4 | D        | Found an iron altar of Okawaru.
     4 | D        | Found Wufil's Identification Station.
     5 | D        | Found Cusuh's Jewellery.
     5 | D        | Found Omaubrar's Advanced Armour.
     5 | D        | Round 1.
    13 | D        | Bought a shimmering bone amulet for 45 gold pieces
    13 | D        | Bought a steaming bone ring for 45 gold pieces
    13 | D        | Bought a warped turquoise ring for 45 gold pieces
    13 | D        | Identified the amulet of Ufoesh {Ward rN+ MR++ Slay+3} (You bought it in a shop in the Dungeon)
    14 | D        | Identified the ring "Pixtu" {MP+9 Str-3 Dex+2 Stlth+} (You bought it in a shop in the Dungeon)
    15 | D        | Identified the ring "Quleh" {Dex+2 SInv} (You bought it in a shop in the Dungeon)
    22 | D        | Found an opulent altar of Gozag.
    27 | D        | Noticed Sigmund
    29 | D        | Found a bloodstained altar of Trog.
    30 | D        | Found a deep blue altar of Sif Muna.
    31 | D        | Found a blossoming altar of Fedhas.
    31 | D        | Found a glowing golden altar of the Shining One.
    32 | D        | Found Jocesoamm's Do-It-Yourself Clinic.
    32 | D        | Found a glowing silver altar of Zin.
    32 | D        | Found a corrupted altar of Lugonu.
    32 | D        | Found Axi Toog's Distillery.
    33 | D        | Found Pygebla's Weapon Rack.
    35 | D        | Found Ynlokah's Basic Armour.
    35 | D        | Found Popiyts's Miscellaneous Merchandise.
    42 | D        | Killed Sigmund
    42 | D        | Reached skill level 8 in Fighting
    42 | D        | Reached XP level 2. HP: 27/42 MP: 2/2
    42 | D        | Reached XP level 3. HP: 31/49 MP: 3/3
    42 | D        | Reached XP level 4. HP: 36/58 MP: 4/4
    42 | D        | Reached XP level 5. HP: 40/66 MP: 4/5
    44 | D        | Found Zast's Bottled Wisdom.
    44 | D        | Found Janel's Distillery.
    52 | D        | Found a snail-covered altar of Cheibriados.
    52 | D        | Found a shadowy altar of Dithmenos.
    52 | D        | Found Nifino's Premium Goods.
    62 | D        | Noticed Jessica
    68 | D        | Killed Jessica
    68 | D        | Acquired Trog's second power
    68 | D        | Reached skill level 9 in Maces & Flails
    84 | D        | Found a stormy altar of Qazlal.
    85 | D        | Found a shimmering altar of Xom.
   150 | D        | Found Jyocauss's Magic Scroll Shop.
   151 | D        | Found Imur's Magic Scroll Shop.
   151 | D        | Found Ecuytiz's Must-Have Magic.
   152 | D        | Found Judasch's Staff Store.
   162 | D        | Arena points: 12 (+12) [x2]
   184 | D        | Bought a +0 giant spiked club for 57 gold pieces
   199 | D        | Round 2.
   215 | D        | Reached XP level 6. HP: 45/75 MP: 6/6
   216 | D        | Acquired Trog's third power
   218 | D        | Arena points: 48 (+36) [x3]
   268 | D        | Round 3.
   275 | D        | Bought a +0 cloak for 54 gold pieces
   353 | D        | Noticed a guardian mummy
   355 | D        | Reached skill level 10 in Maces & Flails
   361 | D        | Killed a guardian mummy
   361 | D        | Killed by a guardian mummy's death curse

Vault maps used:
D:        arena_sprint

Action                   |  1- 3 |  4- 6 || total
-------------------------+-------+-------++-------
Melee: Mace              |     7 |    14 ||    21
       Giant spiked club |       |    22 ||    22
Invok: Berserk           |     1 |     1 ||     2
